 Dungeon Crawl Stone Soup version 0.26-a0-665-gefeb406119 (webtiles) character file.

Game seed: 16740530546322423122

333 jasper the Chopper (level 6, -10/48 HPs)
             Began as a Demonspawn Berserker on Oct 15, 2020.
             Was a Priest of Trog.
             Mangled by an ogre
             ... wielding a +0 giant club
              (24 damage)
             ... on level 4 of the Dungeon.
             The game lasted 00:04:11 (3884 turns).

jasper the Chopper (Demonspawn Berserker)           Turns: 3884, Time: 00:04:12

Health: -10/48     AC:  9    Str: 20    XL:     6   Next: 27%
Magic:  6/6        EV:  9    Int:  8    God:    Trog [***...]
Gold:   133        SH:  0    Dex: 12    Spells: 5/5 levels left

rFire    . . .     SeeInvis .   a - +0 hand axe
rCold    . . .     Faith    .   (no shield)
rNeg     . . .     Spirit   .   j - +0 chain mail
rPois    .         Reflect  .   (helmet restricted)
rElec    .         Harm     .   (no cloak)
rCorr    .         Rampage  .   (no gloves)
MR       ++...                  (no boots)
Stlth    ..........             (no amulet)
HPRegen  1.16/turn              (no ring)
MPRegen  0.10/turn              (no ring)

@: brilliant, berserk cooldown, regenerating, slowed, very slow
A: antennae 1, spiny 1, rot immunity
a: Berserk, Trog's Hand, Renounce Religion


You were on level 4 of the Dungeon.
You worshipped Trog.
Trog was most pleased with you.
You visited 1 branch of the dungeon, and saw 4 of its levels.

You collected 133 gold pieces.

Inventory:

Hand Weapons
 a - a +0 hand axe (weapon)
Missiles
 q - 52 stones (quivered)
Armour
 b - a +0 animal skin
 j - a +0 chain mail (worn)
Jewellery
 i - an uncursed amulet of reflection {unknown}
Scrolls
 c - a scroll of fear {unknown}
 d - a scroll of amnesia {unknown}
 k - 3 scrolls of magic mapping {unknown}
 l - a scroll of random uselessness {unknown}
 n - 3 scrolls of identify {unknown}
 o - a scroll of immolation {unknown}
 s - a scroll of noise {unknown}
 t - a scroll of enchant armour {unknown}
 u - a scroll of teleportation {unknown}
Potions
 e - a potion of magic {unknown}
 f - a potion of degeneration {unknown}
 g - 2 potions of brilliance
 h - 2 potions of curing {unknown}
 m - a potion of cancellation {unknown}
 p - a potion of stabbing {unknown}
 r - a potion of mutation {unknown}
 v - 2 potions of haste {unknown}


   Skills:
 + Level 4.1 Fighting
 * Level 4.5 Axes
 + Level 3.1 Armour
 + Level 3.1 Dodging


You had 5 spell levels left.
You didn't know any spells.
Your spell library was empty.

Dungeon Overview and Level Annotations

Branches:
Dungeon (4/15)
 Temple: D:4-7

Altars:

Annotations:
D:4 Grinder


Innate Abilities, Weirdness & Mutations

You have a pair of small antennae on your head.
You are partially covered in sharp spines.
You are immune to rotting.


Message History

You feel resistant to hostile enchantments.
The ogre hits you with a +0 giant club.
You take 1 damage, and have 44/48 hp.
You hit the ogre but do no damage. The ogre hits you with a +0 giant club.
You take 3 damage, and have 41/48 hp.
You barely miss the ogre. You hit Grinder.
The ogre hits you with a +0 giant club!!
Grinder is struck by your spines. Grinder hits you!
* * * LOW HITPOINT WARNING * * *
You writhe in agony.
* * * LOW HITPOINT WARNING * * *
You take 29 damage, and have 12/48 hp.
MASSIVE DAMAGE!!
Okay, then.
Okay, then.
It was a potion of brilliance.
You feel clever all of a sudden. The ogre is struck by your spines.
The ogre barely misses you.
Grinder blinks!
The ogre hits you with a +0 giant club!!
Ouch! That really hurt!
You die...

#....<.......
#............ .... .#
#..........>.. ...... #.#
#.............
......###...
.........#...###
.......##..#
.........##.....#..
#..##..# ....).....
..#.... ###.#....
...>#..#.# #§##..#
##.#...### ##....
#@.##.###......##.
#.....##O##....#..#....#.
#.......#..#....##......
##...#..5..##.....##....
##''##.....####..#......
##...§##.....# #.###.....
#..5...##....# ### ###...
#..##.#..#...## #...
#.♣...)†### #...


You could see Grinder and an ogre.

Vanquished Creatures
  2 howler monkeys
  An orc priest (D:3)
  An orc wizard (D:3)
  Jessica (D:2)
  An iguana (D:3)
  6 adders
  2 worms (D:3)
  2 dart slugs
  8 orcs
  A giant cockroach (D:3)
  7 goblins
  8 hobgoblins
  15 jackals
  A quokka (D:2)
  7 bats
  6 frilled lizards
  5 kobolds
  10 rats
84 creatures vanquished.

Notes
Turn   | Place    | Note
-------+----------+-------------------------------------------
     0 | D:1      | jasper the Demonspawn Berserker began the quest for the
                  | Orb.
     0 | D:1      | Reached XP level 1. HP: 18/18 MP: 1/1
   341 | D:1      | Gained mutation: You have a pair of small antennae on your
                  | head. [demonic ancestry]
   341 | D:1      | Reached XP level 2. HP: 22/24 MP: 2/2
   765 | D:1      | Reached ** piety under Trog
  1268 | D:1      | Reached XP level 3. HP: 29/29 MP: 3/3
  1724 | D:2      | Noticed Jessica
  1735 | D:2      | Killed Jessica
  1897 | D:2      | Reached XP level 4. HP: 34/35 MP: 4/4
  2821 | D:3      | Gained mutation: You are immune to rotting. [demonic
                  | ancestry]
  2821 | D:3      | Reached XP level 5. HP: 26/42 MP: 5/5
  3287 | D:3      | Reached *** piety under Trog
  3654 | D:4      | Noticed an ogre
  3678 | D:4      | Noticed an ogre
  3688 | D:3      | Gained mutation: You are partially covered in sharp spines.
                  | [demonic ancestry]
  3688 | D:3      | Reached XP level 6. HP: 43/48 MP: 6/6
  3850 | D:4      | Noticed Grinder
  3858 | D:4      | Identified the ring "Onenul" {rF+ EV+4 Str+3}
  3884 | D:4      | Mangled by an ogre

Illustrated notes

Levels and vault maps discovered:
D:1:      psy_arrival_radial01, layout_basic, minivault_11, roderic_lattice_a,
          minmay_nonomino_d4
D:2:      layout_basic, uniq_jessica
D:3:      layout_loops_corners, portal_sewer_entry_c
D:4:      layout_cave_pools, minmay_temple_entry_offerings,
          kennysheep_generic_room_3, uniq_grinder

Skill      XL: |  1  2  3  4  5 |
---------------+----------------+-----
Axes           | 3 4 |  4.5
Armour         | 2 3 |  3.1
Dodging        | 2 3 |  3.1
Fighting       | 4 |  4.1

Action                   |  1- 3 |  4- 6 || total
-------------------------+-------+-------++-------
Melee: Hand axe          |   123 |   167 ||   290
Throw: Stone             |       |    13 ||    13
Invok: Berserk           |     4 |     6 ||    10
       Trog's Hand       |       |     2 ||     2
  Use: Potion            |       |     1 ||     1
 Stab: Sleeping          |     1 |       ||     1
Armor: Animal skin       |    15 |       ||    15
       Chain mail        |    42 |    78 ||   120
Dodge: Dodged            |    79 |    70 ||   149

Table legend: (Time is in decaauts)
 A = Elapsed time spent in this place.
 B = Non-inter-level travel time spent in this place.
 C = Inter-level travel time spent in this place.
 D = Time resting spent in this place.
 E = Time spent auto-exploring this place.
 F = Levels seen in this place.
 G = Mean time per level.
                   A        B        C        D        E       F      G
               +--------+--------+--------+--------+--------+-----+--------+
         Total |   3999 |   3879 |    120 |    303 |   2930 |   4 |  999.8 |
       Dungeon |   3999 |   3879 |    120 |    303 |   2930 |   4 |  999.8 |
               +--------+--------+--------+--------+--------+-----+--------+

Top non-repeatable levels by time:
     D:1: 1426 daAuts
     D:3: 1411 daAuts
     D:2: 1059 daAuts
     D:4: 102 daAuts
